 Dungeon Crawl Stone Soup version 0.22-a0-525-gf69a080 (webtiles) character file.

4950 pk666 the Thaumaturge (level 10, -10/50 HPs)
             Began as a Deep Elf Fire Elementalist on June 20, 2018.
             Was a Follower of Vehumet.
             Shot with an arrow by a centaur (11 damage)
             ... on level 8 of the Dungeon.
             The game lasted 00:21:52 (8356 turns).

pk666 the Thaumaturge (Deep Elf Fire Elementalist)  Turns: 8356, Time: 00:21:53

Health: -10/50     AC:  4    Str:  5    XL:     10   Next: 28%
Magic:  17/27      EV: 15    Int: 24    God:    Vehumet [*.....]
Gold:   361        SH:  0    Dex: 15    Spells: 18/31 levels left

rFire    . . .     SeeInvis .   (no weapon)
rCold    . . .     Gourm    .   (no shield)
rNeg     . . .     Faith    .   a - +0 robe
rPois    .         Spirit   .   (no helmet)
rElec    .         Reflect  .   (no cloak)
rCorr    +         Harm     .   (no gloves)
MR       +....                  n - +1 pair of boots
Stlth    ++........             (no amulet)
HPRegen  0.16/turn              b - ring of flight
MPRegen  0.20/turn              j - ring of resist corrosion

@: no status effects
A: no striking features
a: Renounce Religion, Evoke Flight


You were on level 8 of the Dungeon.
You worshipped Vehumet.
Vehumet was aware of your devotion.
You were not hungry.

You visited 2 branches of the dungeon, and saw 9 of its levels.

You collected 361 gold pieces.

Inventory:

Armour
 a - a +0 robe (worn)
 n - a +1 pair of boots (worn)
Jewellery
 b - a ring of flight (left hand)
 j - a ring of resist corrosion (right hand)
 A - an uncursed ring of see invisible {unknown}
Wands
 v - a wand of digging (57)
 z - a wand of flame (55)
 H - a wand of random effects (26)
Scrolls
 d - 13 scrolls of identify {unknown}
 e - 2 scrolls of noise {unknown}
 g - a scroll of blinking {unknown}
 k - 7 scrolls of remove curse {unknown}
 o - 8 scrolls of teleportation {unknown}
 r - 4 scrolls of enchant armour {unknown}
 s - 2 scrolls of amnesia {unknown}
 u - 2 scrolls of enchant weapon {unknown}
 w - a scroll of magic mapping {unknown}
 x - a scroll of silence {unknown}
 y - a scroll of random uselessness {unknown}
Potions
 f - 2 potions of resistance {unknown}
 h - 3 potions of heal wounds {unknown}
 i - 4 potions of curing {unknown}
 l - a potion of agility {unknown}
 m - 2 potions of mutation {unknown}
 p - a potion of cancellation {unknown}
 q - 2 potions of haste {unknown}
 t - 2 potions of lignification {unknown}
 B - a potion of ambrosia {unknown}
 C - a potion of brilliance {unknown}
 D - a potion of magic {unknown}
 E - a potion of flight {unknown}
 G - a potion of might {unknown}
Comestibles
 c - 16 rations
 F - 4 chunks of flesh


   Skills:
 + Level 5.2 Dodging
 - Level 2.4 Stealth
 + Level 11.1 Spellcasting
 + Level 9.6 Conjurations
 + Level 9.7 Fire Magic


You had 18 spell levels left.
You knew the following spells:

 Your Spells              Type           Power        Failure   Level  Hunger
a - Flame Tongue          Conj/Fire      #####        1%          1    None
b - Sticky Flame          Conj/Fire      ######..     1%          4    None
c - Conjure Flame         Conj/Fire      ######..     1%          3    None
z - Fireball              Conj/Fire      ######....   2%          5    ####...

Your spell library contained the following spells:

 Spells                   Type           Power        Failure   Level  Hunger
 Confuse                  Hex            ##......     14%         3    None
 Throw Flame              Conj/Fire      ######       1%          2    None
 Mephitic Cloud           Conj/Pois/Air  ####....     3%          3    None
 Venom Bolt               Conj/Pois      #####.....   19%         5    ####...
 Olgreb's Toxic Radiance  Pois           ##......     43%         4    None
 Sting                    Conj/Pois      ####         1%          1    None
 Confusing Touch          Hex            ##....       4%          1    None
 Metabolic Englaciation   Hex/Ice        ##........   78%         5    ####...
 Petrify                  Tmut/Erth      ##......     43%         4    None
 Inner Flame              Hex/Fire       #####...     1%          3    None
 Gell's Gravitas          Tloc           ##........   14%         3    None
 Yara's Violent Unravell  Hex/Tmut       ##........   78%         5    ####...
 Poisonous Vapours        Pois/Air       ##....       7%          2    None


Dungeon Overview and Level Annotations

Branches:
Dungeon (8/15)             Temple (1/1) D:7
   Lair: D:8-11

Altars:
Ashenzari
Cheibriados
Dithmenos
Elyvilon
Fedhas
Gozag
Hepliaklqana
Kikubaaqudgha
Makhleb
Nemelex Xobeh
Okawaru
Qazlal
Ru
Sif Muna
Trog
Uskayaw
Vehumet
Wu Jian
Xom
Yredelemnul
Zin
The Shining One

Annotations:
D:7 2 transporters, inc's ghost, amateur FoFi


Message History

Aim: an electric eel (water, almost dead)
The fireball explodes!
The fireball engulfs the electric eel.
You kill the electric eel!
Vehumet accepts your kill.
You hear a splash.
You hear an angry hiss.
H - a wand of random effects (26)
The electric eel shoots out a bolt of lightning at you!
The bolt of electricity misses you.
A centaur comes into view.
The centaur wields a shortbow.
The centaur shoots an arrow.
The arrow completely misses you.
The electric eel shoots out a bolt of lightning at you!
The bolt of electricity hits you!
* * * LOW HITPOINT WARNING * * *
You see here a wolf corpse.
The electric eel shoots out a bolt of lightning at you!
The bolt of electricity hits you!
* * * LOW HITPOINT WARNING * * *
The centaur shoots an arrow.
The arrow hits you!
You die...

#####.#.###.#
.)....#.# #.##
#...≈≈..≈
##))..#.# #..#
#....≈..≈
...#.##.#
##.##
#....≈≈≈≈
...#....# #).#
#.....≈≈≈
#..#####
##.###....≈≈≈.
#..#
##÷.##..≈≈.≈c≈
...#####
#........≈≈≈≈.
.........#
#....@.≈≈.≈≈≈≈
.........#
#.....†..≈≈≈≈.
.....)...#
#.......≈.≈≈;≈
.........#
#.......†≈≈≈≈≈
.........#
####.#......≈≈
.........#
#...≈..≈.≈≈
.........#
##$.....≈≈≈
.........#
..##.....
##.......#
##.# .....


You could see a centaur and an electric eel.

Vanquished Creatures
  A two-headed ogre (D:8)
  Erica (D:8)
  A troll (D:8)
  2 hippogriffs
  Edmund (D:6)
  2 sky beasts
  An orc warrior (D:6)
  2 phantoms
  7 ogres
  4 wolves (D:8)
  2 centaurs
  4 bullfrogs
  3 electric eels (D:8)
  A bullfrog zombie (D:8)
  2 jellies
  2 bullfrog skeletons
  2 centaur skeletons
  5 hounds
  4 orc priests
  6 orc wizards
  2 iguanas
  4 worker ants
  A killer bee zombie (D:7)
  Robin (D:3)
  A worker ant zombie (D:6)
  4 gnolls (D:7)
  12 adders
  An adder zombie (D:6)
  4 worms
  3 dart slugs
  2 leopard geckos (D:2)
  19 orcs
  A ball python (D:3)
  4 bats
  11 giant cockroaches
  8 hobgoblins
  8 jackals (D:3)
  11 kobolds
  2 quokkas
  A ball python skeleton (D:4)
  5 frilled lizards
  16 goblins
  A leopard gecko skeleton (D:7)
  4 rats
179 creatures vanquished.

Notes
Turn   | Place    | Note
-------+----------+-------------------------------------------
     0 | D:1      | pk666 the Deep Elf Fire Elementalist began the quest for the Orb.
     0 | D:1      | Reached XP level 1. HP: 10/10 MP: 6/6
   414 | D:1      | Reached XP level 2. HP: 15/15 MP: 6/8
   767 | D:2      | Reached XP level 3. HP: 19/19 MP: 7/10
  1333 | D:2      | Reached XP level 4. HP: 20/24 MP: 8/11
  1482 | D:2      | Learned a level 4 spell: Sticky Flame
  1486 | D:2      | Learned a level 3 spell: Conjure Flame
  1671 | D:2      | Reached skill level 4 in Spellcasting
  1850 | D:3      | Noticed Robin
  1892 | D:3      | Killed Robin
  2215 | D:3      | Noticed a sky beast
  2225 | D:3      | Killed a sky beast
  2225 | D:3      | Reached XP level 5. HP: 28/28 MP: 5/14
  2335 | D:3      | Reached skill level 5 in Spellcasting
  2335 | D:3      | Reached XP level 6. HP: 32/32 MP: 1/15
  2922 | D:4      | Found a bloodstained altar of Trog.
  2954 | D:4      | Reached skill level 5 in Fire Magic
  3069 | D:4      | Reached skill level 5 in Conjurations
  3270 | D:4      | Reached XP level 7. HP: 28/36 MP: 12/17
  3272 | D:4      | Reached skill level 6 in Spellcasting
  4164 | D:5      | Entered Level 5 of the Dungeon
  4561 | D:5      | Learned a level 5 spell: Fireball
  4597 | D:5      | Reached skill level 7 in Spellcasting
  4968 | D:6      | Reached XP level 8. HP: 41/41 MP: 2/20
  5624 | D:6      | Reached skill level 8 in Spellcasting
  5745 | D:6      | Noticed Edmund
  5749 | D:6      | Killed Edmund
  6252 | D:7      | Reached skill level 9 in Spellcasting
  6283 | D:7      | Noticed a hippogriff
  6298 | D:7      | Killed a hippogriff
  6298 | D:7      | Reached XP level 9. HP: 45/45 MP: 6/24
  6547 | D:7      | Found a staircase to the Ecumenical Temple.
  6559 | Temple   | Entered the Ecumenical Temple
  6567 | Temple   | Became a worshipper of Vehumet
  6789 | D:7      | Found a transporter.
  6790 | D:7      | Noticed inc's ghost (amateur FoFi)
  6791 | D:7      | Found a transporter.
  7538 | D:8      | Reached skill level 10 in Spellcasting
  7837 | D:8      | Noticed Erica
  7842 | D:8      | Killed Erica
  7981 | D:8      | Noticed a two-headed ogre
  7992 | D:8      | Killed a two-headed ogre
  7992 | D:8      | Reached XP level 10. HP: 40/50 MP: 9/26
  8027 | D:8      | Reached skill level 11 in Spellcasting
  8089 | D:8      | Reached * piety under Vehumet
  8089 | D:8      | Offered knowledge of Magic Dart by Vehumet.
  8196 | D:8      | Reached skill level 5 in Dodging
  8356 | D:8      | HP: 1/50 [electric eel/bolt of electricity (13)]
  8356 | D:8      | Shot with an arrow by a centaur

Vault maps used:
D:1:      saegor_arrival_simple_e, minmay_fountain_box
D:2:      minmay_door_path, first_ration, lightli_corner_chamber
D:3:      kennysheep_six_static_rooms, uniq_robin
D:4:      bloody_trog, patterned_corridor
D:6:      uniq_edmund
D:7:      minmay_temple_entry_poolview, gammafunk_ghost_mausoleum
D:8:      erik_lair_island, hangedman_ranch, uniq_erica
Temple:   compressed_dpeg_triangle_lava_temple

Skill      XL: |  1  2  3  4  5  6  7  8  9 10 |
---------------+-------------------------------+-----
Conjurations   | 2 3 4 5 6 7 9 |  9.6
Fire Magic     | 4 5 6 8 9 |  9.7
Spellcasting   | 4 5 7 9 10 11 | 11.1
Dodging        | 4 5 |  5.2
Stealth        | |  2.4

Action                   |  1- 3 |  4- 6 |  7- 9 | 10-12 || total
-------------------------+-------+-------+-------+-------++-------
Melee: Unarmed           |       |     1 |     4 |       ||     5
 Cast: Flame Tongue      |    57 |   125 |   199 |    39 ||   420
       Conjure Flame     |       |     4 |    25 |     3 ||    32
       Sticky Flame      |       |       |    11 |       ||    11
       Fireball          |       |       |    10 |     3 ||    13
  Eat: Chunk             |     1 |     6 |    17 |     1 ||    25
Armor: Robe              |     5 |    10 |    10 |     2 ||    27
Dodge: Dodged            |    12 |    32 |    28 |     7 ||    79

Table legend:
 A = Spawn XP
 B = Non-spawn XP
 C = Spawn XP percentage of total XP
 D = Spawn monster count
 E = Non-spawn monster count
 F = Spawn count percentage of total count
 G = Total turns spent on level
                    A         B        C        D         E        F      G
               +---------+---------+-------+---------+---------+-------+---------
         Total |       0 |    7072 |   0.0 |       0 |     179 |   0.0 |  8356
               +---------+---------+-------+---------+---------+-------+---------
           D:1 |       0 |      19 |   0.0 |       0 |      11 |   0.0 |   629
           D:2 |       0 |     103 |   0.0 |       0 |      25 |   0.0 |  1295
           D:3 |       0 |     375 |   0.0 |       0 |      50 |   0.0 |   997
           D:4 |       0 |     574 |   0.0 |       0 |      18 |   0.0 |  1243
           D:5 |       0 |     218 |   0.0 |       0 |       7 |   0.0 |   964
           D:6 |       0 |    1280 |   0.0 |       0 |      23 |   0.0 |  1117
           D:7 |       0 |    1043 |   0.0 |       0 |      22 |   0.0 |  1081
           D:8 |       0 |    3460 |   0.0 |       0 |      23 |   0.0 |   843
               +---------+---------+-------+---------+---------+-------+---------
